 Dungeon Crawl Stone Soup version 0.28-a0-845-gfc338a8e3c (webtiles) character file.

Game seed: 3237056436633724573

14 croobank the Sneak (level 2, -1/14 HPs)
             Began as a Felid Delver on Nov 12, 2021.
             Slain by a worm (10 damage)
             ... on level 2 of the Dungeon.
             The game lasted 00:05:25 (494 turns).

croobank the Sneak (Felid Delver)                    Turns: 494, Time: 00:05:25

Health: -1/14      AC:  1    Str:  8    XL:     2   Next: 27%
Magic:  3/3        EV: 17    Int: 11    God:
Gold:   19         SH:  0    Dex: 17    Spells: 1/1 levels left
                                        Lives:  0   Deaths: 0

rFire   . . .      SeeInvis +     - Unarmed
rCold   . . .      Faith    .   (shield unavailable)
rNeg    . . .      Spirit   .   (armour unavailable)
rPois   .          Reflect  .   (helmet unavailable)
rElec   .          Harm     .   (cloak unavailable)
rCorr   .          Rampage  .   (gloves unavailable)
Will    +....                   (boots unavailable)
Stlth   ++++......              (no amulet)
HPRegen 0.04/turn               f - ring of willpower
MPRegen 0.08/turn               (no ring)

@: quick
A: very small, claws 1, fangs 3, see invisible, speed 1, shaggy fur 1, stealthy
paws, no weapons or thrown items, no armour, multi-lived
a: no special abilities


You were on level 2 of the Dungeon.
You visited 1 branch of the dungeon, and saw 4 of its levels.

You collected 19 gold pieces.

Inventory:

Jewellery
 f - a ring of willpower (left paw)
Wands
 e - a wand of digging (3)
Scrolls
 a - a scroll of fog
 b - 4 scrolls of magic mapping
 c - 2 scrolls of fear
Potions
 d - a potion of haste


   Skills:
 + Level 3.2 Fighting
 + Level 2.7 Dodging
 + Level 7.1 Stealth
 + Level 2.0 Unarmed Combat


You had one spell level left.
You didn't know any spells.
Your spell library was empty.

Dungeon Overview and Level Annotations

Branches:
Dungeon (5/15)
 Temple: D:4-7

Altars:

Shops:
D:3 !(


Innate Abilities, Weirdness & Mutations

You have sharp claws.
You have razor-sharp teeth.
You have supernaturally acute eyesight. (SInv)
You cover ground quickly. (Speed+)
You are covered in fur. (AC +1)
Your paws help you pounce on unaware monsters.
You are incapable of wielding weapons or throwing items.
You cannot wear armour.
You gain extra lives every three experience levels.


Message History

The adder bites you but does no damage. The adder barely misses you.
You closely miss the adder. Your bite misses the adder.
The adder is heavily wounded.
The adder bites you.
You barely miss the adder.
The adder is heavily wounded.
The adder bites you.
You scratch the adder.
You kill the adder!
Your Stealth skill increases to level 7!
You have reached level 2!
A hobgoblin comes into view.
A dart slug comes into view.
A giant cockroach comes into view.
Found a stone staircase leading down.
You scratch the giant cockroach.
The giant cockroach is heavily wounded.
The giant cockroach bites you.
You barely miss the giant cockroach. You bite the giant cockroach.
You kill the giant cockroach!
Found 4 javelins.
A worm comes into view.
You scratch the worm. You bite the worm, but do no damage.
The worm is moderately wounded.
The worm barely misses you.
You barely miss the worm. You bite the worm, but do no damage.
The worm is moderately wounded.
The worm closely misses you.
You scratch the worm.
The worm is moderately wounded.
You barely miss the worm.
The worm is moderately wounded.
The worm closely misses you.
You scratch the worm.
The worm is moderately wounded.
You scratch the worm.
The worm is severely wounded.
The worm bites you!
Ouch! That really hurt!
You die...

##. ..# .#
#.. .# .. .#
#.###.# #
.....#
#.#.#..#
#w@(..#
###.#.#
##.#.#
##..#.##...
##..........
.
##.....#####.
.##.......##
.>..........#
..##.......##


You could see a worm.

Vanquished Creatures
  An adder (D:2)
  A giant cockroach (D:2)
  2 goblins
  A frilled lizard (D:3)
5 creatures vanquished.

Notes
Turn   | Place    | Note
-------+----------+-------------------------------------------
     0 | D:5      | croobank the Felid Delver began the quest for the Orb.
     0 | D:5      | Reached XP level 1. HP: 10/10 MP: 2/2
   179 | D:3      | Found Aveth's Distillery.
   218 | D:3      | Found Burgh's Antique Weapon Boutique.
   465 | D:2      | Reached skill level 7 in Stealth
   465 | D:2      | Reached XP level 2. HP: 9/14 MP: 3/3
   494 | D:2      | Slain by a worm

Illustrated notes

Levels and vault maps discovered:
D:2:      layout_loops_ring, kennysheep_generic_room_10
D:3:      layout_loops_ring, serial_shops, nicolae_diamond_shop,
          nicolae_shop_competitors_out_of_business
D:4:      layout_loops_ring, temple_fountains
D:5:      layout_basic, nicolae_elemental_shop, kennysheep_cross_bottleneck,
          uniq_pikel, uniq_blork_the_orc

Skill      XL: |  1 |
---------------+----+-----
Stealth        | 7 |  7.1
Fighting       | |  3.2
Dodging        | |  2.7
Unarmed Combat | |  2.0

Action                   || total
-------------------------++-------
Melee: Unarmed           ||    21
       Bite              ||     5
  Use: Potion            ||     1
Armor: Skin              ||     2
Dodge: Dodged            ||    11

Table legend: (Time is in decaauts)
 A = Elapsed time spent in this place.
 B = Non-inter-level travel time spent in this place.
 C = Inter-level travel time spent in this place.
 D = Time resting spent in this place.
 E = Time spent auto-exploring this place.
 F = Levels seen in this place.
 G = Mean time per level.
                   A        B        C        D        E       F      G
               +--------+--------+--------+--------+--------+-----+--------+
         Total |    410 |    410 |      0 |      0 |    177 |   4 |  102.5 |
       Dungeon |    410 |    410 |      0 |      0 |    177 |   4 |  102.5 |
               +--------+--------+--------+--------+--------+-----+--------+

Top non-repeatable levels by time:
     D:3: 251 daAuts
     D:2: 87 daAuts
     D:4: 52 daAuts
     D:5: 19 daAuts
